 Dungeon Crawl Stone Soup version 0.32-a0-673-g3729bd50f8 (webtiles) character file.

Game seed: 9120000347110194797

10771 cforsyth the Protected (level 11, -8/100 HPs)
             Began as a Mountain Dwarf Necromancer on Mar 11, 2024.
             Was a Priest of Kikubaaqudgha.
             Mangled by a sixfirhy (11 damage)
             ... on level 10 of the Dungeon.
             The game lasted 00:25:18 (16216 turns).

cforsyth the Protected (MDNe)                      Turns: 16216, Time: 00:25:20

Health: -8/100     AC: 23    Str: 13    XL:     11   Next: 40%
Magic:  22/22      EV:  7    Int: 24    God:    Kikubaaqudgha [***...]
Gold:   574        SH:  0    Dex: 10    Spells: 4/13 levels left

rFire   . . .        y - +1 battleaxe
rCold   + + .        (shield currently unavailable)
rNeg    . . .        F - +5 chain mail "Babbihour" {rC++}
rPois   .            o - +2 helmet
rElec   .            n - +1 cloak
rCorr   .            (no gloves)
SInv    .            (no boots)
Will    +....        (no amulet) Stlth
                     I - +6 ring of intelligence
HPRegen 0.36/turn    M - ring of magical power
MPRegen 0.18/turn

%: no passive effects
@: studying Armour
A: runic magic, artefact enchanting
a: Renounce Religion, Unearth Wretches


You were on level 10 of the Dungeon.
You worshipped Kikubaaqudgha.
Kikubaaqudgha was most pleased with you.
You visited 2 branches of the dungeon, and saw 11 of its levels.
You also visited: Bailey.

You collected 700 gold pieces.
You spent 126 gold pieces at shops.


Innate Abilities, Weirdness & Mutations

Your spellcasting is much less encumbered by armour.
You can use scrolls of enchantment on lesser artefacts.


   Skills:
 + Level 10.3 Fighting
 + Level 10.3 Axes
 + Level 11.5 Armour
 - Level 1.3 Dodging
 - Level 1.4 Stealth
 - Level 1.7 Spellcasting
 + Level 11.3 Necromancy


You had 4 spell levels left.
You knew the following spells:

 Your Spells              Type           Power      Damage    Failure   Level
a - Animate Dead          Necr           54%        N/A       1%          4
n - Dispel Undead         Necr           54%        3d20      1%          4
X - Necrotise             Necr           100%       1d9       1%          1

Your spell library contained the following spells:

 Spells                   Type           Power      Damage    Failure   Level
 Sublimation of Blood     Necr           54%        N/A       1%          2
 Fugue of the Fallen      Necr           54%        N/A       1%          3
 Vampiric Draining        Necr           54%        2d9       1%          3
 Kiss of Death            Conj/Necr      100%       2d13      2%          1
 Cigotuvi's Dreadful Rot  Necr/Alch/Air  40%        N/A       7%          2
 Magic Dart               Conj           8%         1d3       22%         1
 Anguish                  Hex/Necr       14%        N/A       22%         4
 Martyr's Knell           Necr/Summ      29%        N/A       22%         4
 Blink                    Tloc           4%         N/A       32%         2
 Ensorcelled Hibernation  Hex/Ice        4%         N/A       32%         2
 Lesser Beckoning         Tloc           4%         N/A       32%         2
 Momentum Strike          Conj/Tloc      4%         3d8       32%         2
 Searing Ray              Conj           4%         2d4       32%         2
 Ozocubu's Armour         Ice            2%         N/A       54%         3
 Tukima's Dance           Hex            2%         N/A       54%         3
 Fulminant Prism          Conj/Alch      1%         3d5       91%         4
 Ignite Poison            Fire/Alch      2%         N/A       91%         4
 Manifold Assault         Tloc           2%         N/A       91%         4
 Passage of Golubria      Tloc           2%         N/A       91%         4
 Sticky Flame             Fire/Alch      2%         2d4       91%         4
 Curse of Agony           Necr           54%        N/A       6%          5
 Death Channel            Necr           27%        N/A       32%         6
 Borgnjor's Vile Clutch   Necr/Erth      14%        N/A       52%         5
 Iskenderun's Battlesphe  Conj           2%         2d6       99%         5
 Yara's Violent Unravell  Hex/Alch       1%         3d3       99%         5
 Bombard                  Conj/Erth      1%         9d1       100%        6
 Spellforged Servitor     Conj/Summ      1%         N/A       100%        7
 Ignition                 Fire           1%         3d3       100%        8

Inventory:

Hand Weapons
 c - a +2 dagger of freezing
 q - a +0 broad axe
 w - a +0 scimitar of flaming
 y - a +1 battleaxe (weapon)
 D - a +0 broad axe
Armour
 n - a +1 cloak (worn)
 o - a +2 helmet (worn)
 F - the +5 chain mail "Babbihour" (worn) {rC++}
   (You found it on level 6 of the Dungeon)

   rC++:      It greatly protects you from cold.
Magical Staves
 e - a staff of alchemy {!a}
 k - a staff of fire {!a}
Jewellery
 j - an amulet of guardian spirit
 I - a +6 ring of intelligence (left hand)
 M - a ring of magical power (right hand)
 N - a ring of positive energy
Wands
 p - a wand of flame (24)
 v - a wand of paralysis (8)
Scrolls
 a - 3 scrolls of fear
 d - 4 scrolls of teleportation {@r2}
 g - a scroll of fog
 i - 3 scrolls of enchant weapon
 t - 2 scrolls of enchant armour
 u - a scroll of vulnerability
 x - 4 scrolls of blinking
 A - 2 scrolls of revelation
Potions
 b - a potion of magic
 f - 2 potions of invisibility
 h - 2 potions of curing {@q1}
 l - a potion of enlightenment
 m - 2 potions of mutation
 r - a potion of cancellation
 s - a potion of heal wounds {unknown}
 z - 2 potions of attraction
 B - 3 potions of haste {@q3}
 C - a potion of experience {unknown}
 E - a potion of lignification

Dungeon Overview and Level Annotations

Branches:
Dungeon (10/15)            Temple (1/1) D:5             Orc (0/2) D:9
 Bailey (visited)
   Lair: D:8-11

Altars:
Ashenzari
Cheibriados
Dithmenos
Elyvilon
Fedhas
Gozag
Hepliaklqana
Kikubaaqudgha
Makhleb
Nemelex Xobeh
Okawaru
Qazlal
Ru
Sif Muna
Trog
Uskayaw
Vehumet
Wu Jian
Xom
Yredelemnul
Zin
The Shining One

Shops:
D:1 [!??   D:6 ?   D:9 [

Annotations:
D:4 1 runed translucent door, Crazy Yiuf
D:10 2 transporters, dolemite99's ghost, novice DrAl

.....▓▓.▓▓....#........Z#########
...▓..▓Z▓..▓..#.........#
...▓▓Z..Z.▓▓..#.........###
...ZZZ.⚑......'...........##
..Z▓▓.....▓▓..#.........#..###
#Z.▓..▓.▓..▓..#..............#
.....▓▓.▓▓...............▓▒▓.#
............<............▒?▒.#
................@3.......▓'▓.#
.............................#
........................######
###########+###.........#
#.....Z'....#.........#
#.....Z#....#.........#
#......#....#.........#
####'######...#.........#
..(.....###...#.........#


You could see a sixfirhy.


Message History

Press: ? - help, Shift-Dir - straight line, f/p - sixfirhy
Aim: a sixfirhy (almost dead, 33% to hit)
The puff of flame hits the sixfirhy!
The sixfirhy is almost dead.
Aiming: Throw Flame
Press: ? - help, Shift-Dir - straight line, f/p - sixfirhy
Aim: a sixfirhy (almost dead, 33% to hit)
The puff of flame hits the sixfirhy.
The sixfirhy is almost dead.
The sixfirhy hits you.
* * * LOW HITPOINT WARNING * * *
The sixfirhy shocks you!
* * * LOW HITPOINT WARNING * * *
The sixfirhy hits you!
* * * LOW HITPOINT WARNING * * *
The sixfirhy shocks you!
* * * LOW HITPOINT WARNING * * *
The sixfirhy hits you but does no damage.
Unknown command.
Unknown command.
Okay, then.
Unknown command.
You barely miss the sixfirhy.
The sixfirhy is almost dead.
The sixfirhy hits you but does no damage. x2
The sixfirhy hits you!
* * * LOW HITPOINT WARNING * * *
The sixfirhy shocks you!
You die...
Kikubaaqudgha rasps: You have failed me!
Welcome... death!

Skill      XL: |  1  2  3  4  5  6  7  8  9 10 11 |
---------------+----------------------------------+-----
Fighting       | 1 2 3 4 5 6 8 9 10 | 10.3
Necromancy     | 5 6 7 8 9 10 11 | 11.3
Axes           | 1 2 4 6 7 9 10 | 10.3
Armour         | 1 2 3 5 7 10 11 | 11.5
Dodging        | |  1.3
Stealth        | |  1.4
Spellcasting   | |  1.7

Action                     |  1- 3 |  4- 6 |  7- 9 | 10-12 || total
---------------------------+-------+-------+-------+-------++-------
  Melee: Dagger            |    37 |   126 |   132 |       ||   295
         Battleaxe         |       |       |   178 |   269 ||   447
   Cast: Necrotise         |    64 |   113 |   138 |       ||   315
         Animate Dead      |       |       |     4 |     5 ||     9
  Evoke: Wand              |       |     5 |     5 |     3 ||    13
    Use: Scroll            |       |       |    14 |     4 ||    18
         Potion            |       |       |     1 |     4 ||     5
   Stab: Paralysed         |       |     4 |    12 |       ||    16
         Distracted        |       |       |     1 |     2 ||     3
         Invisible         |       |       |       |     3 ||     3
 Armour: Robe              |    34 |       |       |       ||    34
         Chain mail        |       |   202 |   539 |   398 ||  1139
  Dodge: Dodged            |    33 |    70 |   166 |   113 ||   382

Levels and vault maps discovered:
D:1:      zelgadis_glass_arrival_small, layout_basic,
          shapermc_ecumenical_altar_starsandcircs, serial_shops,
          nicolae_shop_real_fake_doors, shop, nicolae_shop_stone, shop,
          hex_large, hangedman_decor_growths, minmay_lizard_king
D:2:      layout_basic
D:3:      layout_basic, uniq_ijyb
D:4:      layout_gridville, mainiacjoe_overflow_alcove_1, minmay_cupped,
          uniq_eustachio, uniq_pikel, uniq_crazy_yiuf_cottage
D:5:      layout_loops_corners, minmay_temple_entry_slanted,
          hangedman_decor_points
D:6:      layout_gridville, gammafunk_temple_overflow_forgotten, serial_shops,
          nicolae_shop_stone
D:7:      minmay_angry_zag, layout_basic, roderic_batcave
D:8:      layout_loops_ring, nzn_wu_jian_contemplation,
          mainiacjoe_overflow_paths, grunt_ministairs_5
D:9:      layout_irregular_city, orc_david_3, enter_bailey_3, nzn_life_drinkers,
          uniq_erolcha
D:10:     cheibrodos_shockbox, layout_gridville, cheibriados_altar_1,
          mainiacjoe_overflow_small_starburst,
          gammafunk_ghost_berserking_beasts, uniq_erica
Temple:   nicolae_temple_two_arcs

Notes
Turn   | Place    | Note
-------+----------+-------------------------------------------
     0 | D:1      | cforsyth the Mountain Dwarf Necromancer began the quest for
                  | the Orb.
     0 | D:1      | Reached XP level 1. HP: 14/14 MP: 3/3
    43 | D:1      | Found a faded altar of an unknown god.
    77 | D:1      | Reached skill level 1 in Fighting
    77 | D:1      | Reached XP level 2. HP: 23/23 MP: 0/4
   289 | D:1      | Found Feanes's Magic Scroll Emporium.
   325 | D:1      | Found Waokeg's Distillery.
   378 | D:1      | Found Nofutahe's Armour Boutique.
   592 | D:1      | Found Kesynul's Magic Scroll Shop.
   643 | D:1      | Reached skill level 2 in Fighting
   713 | D:1      | Reached skill level 5 in Necromancy
   713 | D:1      | Reached XP level 3. HP: 29/29 MP: 3/5
  2028 | D:2      | Reached XP level 4. HP: 37/37 MP: 4/6
  2498 | D:3      | Noticed Ijyb
  2516 | D:3      | Killed Ijyb
  2517 | D:3      | Reached skill level 3 in Fighting
  3431 | D:3      | Reached XP level 5. HP: 43/45 MP: 1/7
  3831 | D:4      | Reached skill level 6 in Necromancy
  4044 | D:4      | Noticed an ogre
  4051 | D:4      | Killed an ogre
  4052 | D:4      | Reached skill level 4 in Fighting
  4052 | D:4      | Reached skill level 1 in Axes
  4052 | D:4      | Reached skill level 1 in Armour
  4052 | D:4      | Reached XP level 6. HP: 52/52 MP: 8/8
  4097 | D:4      | Found a runed translucent door.
  4098 | D:4      | Noticed Crazy Yiuf
  4112 | D:4      | Noticed Eustachio
  4354 | D:3      | Killed Eustachio
  4355 | D:3      | Reached skill level 2 in Axes
  4355 | D:3      | Reached skill level 2 in Armour
  4814 | D:4      | Found an ancient bone altar of Kikubaaqudgha.
  5023 | D:4      | Noticed Pikel
  5988 | D:5      | Entered Level 5 of the Dungeon
  6240 | D:5      | Reached XP level 7. HP: 60/60 MP: 3/9
  6265 | D:5      | Found a staircase to the Ecumenical Temple.
  6287 | Temple   | Entered the Ecumenical Temple
  6592 | D:4      | Killed Pikel
  6593 | D:4      | Reached skill level 5 in Fighting
  6593 | D:4      | Reached skill level 4 in Axes
  6593 | D:4      | Reached skill level 3 in Armour
  6593 | D:4      | Reached skill level 7 in Necromancy
  6593 | D:4      | Reached XP level 8. HP: 60/69 MP: 10/10
  6717 | D:4      | Became a worshipper of Kikubaaqudgha
  6794 | D:5      | Reached skill level 4 in Armour
  6904 | D:5      | Identified the +0 cloak "Yppukku" {Harm}
  7335 | D:5      | Reached skill level 6 in Fighting
  7427 | D:5      | Identified the ring "Giatwun" {*Corrode rC- rN+ Str+2
                  | Int+8}
  7855 | D:6      | Reached skill level 5 in Axes
  8242 | D:6      | Reached skill level 8 in Necromancy
  8303 | D:6      | Reached skill level 5 in Armour
  8495 | D:6      | Found Carijih's Magic Scroll Boutique.
  8500 | D:6      | Bought a scroll of identify for 28 gold pieces
  8500 | D:6      | Bought a scroll of fear for 56 gold pieces
  8500 | D:6      | Bought a scroll of teleportation for 42 gold pieces
  9184 | D:6      | Identified the +5 chain mail "Babbihour" {rC++}
  9244 | D:6      | Found a shimmering altar of Xom.
  9247 | D:6      | Found a stormy altar of Qazlal.
  9252 | D:6      | Found a sparkling altar of Nemelex Xobeh.
  9373 | D:6      | Reached skill level 6 in Axes
  9489 | D:7      | Reached XP level 9. HP: 73/78 MP: 5/11
  9563 | D:7      | Reached skill level 7 in Fighting
  9570 | D:7      | Learned a level 4 spell: Animate Dead
  9575 | D:7      | Learned a level 4 spell: Dispel Undead
  9592 | D:7      | Reached * piety under Kikubaaqudgha
  9592 | D:7      | Received a gift from Kikubaaqudgha
  9798 | D:6      | Reached skill level 6 in Armour
 10450 | D:7      | Reached skill level 7 in Axes
 10512 | D:7      | Reached skill level 9 in Necromancy
 10536 | D:7      | Paralysed by an orc warrior for 4 turns
 10668 | D:7      | Paralysed by an orc warrior for 2 turns
 11050 | D:8      | Found an ornate altar of the Wu Jian Council.
 11149 | D:8      | Reached skill level 8 in Fighting
 11178 | D:8      | You fall into a shaft and drop 2 floors!
 11178 | D:10     | Entered Level 10 of the Dungeon
 11178 | D:10     | Found a snail-covered altar of Cheibriados.
 11197 | D:10     | Found a burning altar of Makhleb.
 11207 | D:9      | Identified a scroll of acquirement
 11207 | D:9      | Acquired a manual of Armour
 11226 | D:9      | Reached skill level 7 in Armour
 11230 | D:9      | Reached ** piety under Kikubaaqudgha
 11241 | D:9      | Found a flagged portal.
 11400 | Bailey   | Entered a bailey
 11422 | Bailey   | Reached XP level 10. HP: 46/88 MP: 9/12
 11429 | Bailey   | Reached skill level 8 in Axes
 11596 | Bailey   | Noticed Prince Ribbit
 11603 | Bailey   | Reached skill level 8 in Armour
 11626 | Bailey   | HP: 1/90 [human/+2 heavy hand axe (14)]
 11937 | Bailey   | Killed Prince Ribbit
 11950 | Bailey   | Noticed a vault guard
 11962 | Bailey   | Killed a vault guard
 11963 | Bailey   | Reached skill level 9 in Fighting
 11963 | Bailey   | Reached skill level 9 in Armour
 11963 | Bailey   | Reached skill level 10 in Necromancy
 11974 | Bailey   | Noticed a vault guard
 11992 | Bailey   | Killed a vault guard
 11993 | Bailey   | Reached skill level 9 in Axes
 13117 | D:9      | Reached skill level 10 in Armour
 13220 | D:9      | Found Xymi Wei's Armour Boutique.
 13222 | D:9      | Found a staircase to the Orcish Mines.
 13325 | D:9      | Noticed Erolcha
 13341 | D:9      | Killed Erolcha
 13516 | D:9      | Reached XP level 11. HP: 77/99 MP: 13/13
 14263 | D:8      | Found a hide-covered altar of Uskayaw.
 14823 | D:10     | Found a runed translucent door.
 14823 | D:10     | Noticed a sixfirhy
 14839 | D:10     | Noticed Erica
 15086 | D:10     | Noticed an ice dragon
 15087 | D:10     | Noticed a four-headed hydra
 15087 | D:10     | Noticed dolemite99's ghost (novice DrAl)
 15103 | D:10     | Found a transporter.
 15119 | D:10     | Reached *** piety under Kikubaaqudgha
 15119 | D:10     | Received a gift from Kikubaaqudgha
 15122 | D:10     | Reached skill level 10 in Fighting
 15122 | D:10     | Reached skill level 11 in Necromancy
 15125 | D:10     | Reached skill level 10 in Axes
 15126 | D:10     | Reached skill level 11 in Armour
 15372 | D:10     | Found a transporter.
 15507 | D:10     | Killed Erica
 16216 | D:10     | HP: 3/100 [sixfirhy (9)]
 16216 | D:10     | Mangled by a sixfirhy

Vanquished Creatures
  Erolcha (D:9)
  2 vault guards (Bailey)
  Pikel (D:4)
  A cyclops (D:10)
  Prince Ribbit (Bailey)
  A vampire (D:9)
  3 wyverns
  7 yaks
  Eustachio (D:3)
  4 humans (Bailey)
  2 steam dragons
  2 black bears
  2 ice beasts
  4 orc warriors
  An ogre (D:4)
  A sky beast (D:7)
  4 centaurs
  4 lemures
  A gnoll sergeant (D:7)
  9 bullfrogs
  A scorpion (D:5)
  8 wights
  2 vampire bats
  2 howler monkeys
  A jelly (D:8)
  A gnoll bouda (D:7)
  6 orc priests
  A hound (D:4)
  Ijyb (D:3)
  3 sleepcaps
  5 iguanas
  12 orc wizards
  11 gnolls
  10 adders
  4 white imps
  2 ufetubi (D:5)
  3 dart slugs
  2 ribbon worms (D:3)
  36 orcs
  7 ball pythons
  An endoplasm (D:2)
  A giant cockroach (D:3)
  9 goblins
  A hobgoblin (Bailey)
  9 jackals
  5 quokkas
  10 bats
  9 frilled lizards
  9 kobolds
  8 rats
232 creatures vanquished.

Vanquished Creatures (collateral kills)
  Erica (D:10)
  A wyvern (D:9)
  A wraith (D:10)
  3 yaks
  A human (Bailey)
  An orc warrior (D:9)
  A gnoll sergeant (D:10)
  2 wights (D:9)
  An orc wizard (D:10)
  A gnoll (D:10)
  A ribbon worm (D:3)
  2 orcs (D:9)
  3 goblins
  3 frilled lizards (D:1)
22 creatures vanquished.

Vanquished Creatures (others)
  9 yak zombies
  A bullfrog zombie (Bailey)
  4 human zombies (Bailey)
  3 goblin zombies
  7 orc zombies
24 creatures vanquished.

Grand Total: 278 creatures vanquished

Table legend: (Time is in decaauts)
 A = Elapsed time spent in this place.
 B = Non-inter-level travel time spent in this place.
 C = Inter-level travel time spent in this place.
 D = Time resting spent in this place.
 E = Time spent auto-exploring this place.
 F = Levels seen in this place.
 G = Mean time per level.
                   A        B        C        D        E       F      G
               +--------+--------+--------+--------+--------+-----+--------+
         Total |  16352 |  15633 |    719 |   3472 |   9292 |  12 | 1362.7 |
       Dungeon |  15391 |  14673 |    718 |   2860 |   9221 |  10 | 1539.1 |
        Temple |      1 |      0 |      1 |      0 |      0 |   1 |    1.0 |
        Bailey |    959 |    959 |      0 |    612 |     71 |   1 |  959.0 |
               +--------+--------+--------+--------+--------+-----+--------+

Top non-repeatable levels by time:
     D:3: 2410 daAuts
     D:9: 1947 daAuts
     D:6: 1848 daAuts
     D:4: 1686 daAuts
     D:5: 1447 daAuts
     D:7: 1347 daAuts
    D:10: 1248 daAuts
     D:1: 1241 daAuts
     D:2: 1120 daAuts
     D:8: 1093 daAuts
  Bailey: 959 daAuts
  Temple: 1 daAuts

Table legend:
 A = Non-vault XP
 B = Vault XP
 C = Vault XP percentage of total XP
 D = Non-vault monster count
 E = Vault monster count
 F = Vault count percentage of total count
                 A         B        C        D         E       F
            +---------+---------+-------+---------+---------+-------
      Total |    7912 |    7476 |  48.6 |     187 |      63 |  25.2
            +---------+---------+-------+---------+---------+-------
        D:1 |      58 |       9 |  13.4 |      28 |       9 |  24.3
        D:2 |      46 |       0 |   0.0 |      14 |       0 |   0.0
        D:3 |      55 |     227 |  80.5 |      17 |       2 |  10.5
        D:4 |     261 |     664 |  71.8 |      14 |       2 |  12.5
        D:5 |     564 |       0 |   0.0 |      14 |       0 |   0.0
        D:6 |     771 |      55 |   6.7 |      24 |       1 |   4.0
        D:7 |    1513 |     311 |  17.1 |      23 |      11 |  32.4
        D:8 |     653 |     388 |  37.3 |      17 |       2 |  10.5
        D:9 |    1544 |    1240 |  44.5 |      15 |      14 |  48.3
       D:10 |    2447 |     831 |  25.4 |      21 |       1 |   4.5
     Bailey |       0 |    3751 | 100.0 |       0 |      21 | 100.0
            +---------+---------+-------+---------+---------+-------
